 Dungeon Crawl Stone Soup version 0.29.0-4-gdea44cf6ec (webtiles) character file.

Game seed: 16641136921402937866

6 qw the Firebug (level 1, -1/15 HPs)
             Began as a Ghoul Fire Elementalist on Aug 29, 2022.
             Slain by a frilled lizard (2 damage)
             ... on level 1 of the Dungeon.
             The game lasted 00:00:21 (370 turns).

qw the Firebug (Ghoul Fire Elementalist)             Turns: 370, Time: 00:00:21

Health: -1/15      AC:  2    Str: 11    XL:     1   Next: 90%
Magic:  2/2        EV: 12    Int: 10    God:
Gold:   4          SH:  0    Dex:  9    Spells: 2/3 levels left

rFire   . . .      SeeInvis .     - Unarmed
rCold   + . .      Faith    .   (no shield)
rNeg    + + +      Spirit   .   a - +0 robe
rPois   inf        Reflect  .   (no helmet)
rElec   .          Harm     .   (no cloak)
rCorr   .          Rampage  .   (no gloves)
Will    .....                   (no boots)
Stlth   ++........              (no amulet)
HPRegen 0.00/turn               (no ring)
MPRegen 0.08/turn               (no ring)

@: inhibited regen
A: claws 1, cold resistance 1, negative energy resistance 3, inhibited
regeneration, torment resistance 2, devour on kill
a: no special abilities


You were on level 1 of the Dungeon.
You visited 1 branch of the dungeon, and saw 1 of its levels.

You collected 4 gold pieces.


Innate Abilities, Weirdness & Mutations

You are immune to poison.
You have sharp fingernails.
Your flesh is cold resistant. (rC+)
You are immune to negative energy. (rN+++)
You do not regenerate when monsters are visible.
You are immune to unholy pain and torment.
You thrive by killing the living.


   Skills:
 + Level 0.9 Fighting
 - Level 1.7 Dodging
 - Level 2.1 Stealth
 - Level 1.0 Unarmed Combat
 - Level 1.7 Spellcasting
 - Level 0.7 Conjurations
 - Level 2.4 Fire Magic


You had 2 spell levels left.
You knew the following spells:

 Your Spells              Type           Power      Damage    Failure   Level
a - Foxfire               Conj/Fire      16%        2x1d4     17%         1

Your spell library contained the following spells:

 Spells                   Type           Power      Damage    Failure   Level
 Scorch                   Fire           10%        2d6       19%         2
 Conjure Flame            Conj/Fire      4%         6-21      45%         3
 Inner Flame              Hex/Fire       3%         N/A       52%         3
 Flame Wave               Conj/Fire      4%         2d5       86%         4

Inventory:

Armour
 a - a +0 robe (worn)
 c - a +0 leather armour
Scrolls
 e - a scroll of identify {unknown}
Potions
 b - a potion of magic
 d - a potion of flight {unknown}

Dungeon Overview and Level Annotations

Branches:
Dungeon (1/15)

Altars:

Shops:
D:1 :


Message History

You closely miss the frilled lizard. The frilled lizard closely misses you.
You closely miss the frilled lizard. The frilled lizard bites you.
You barely miss the frilled lizard. The frilled lizard closely misses you.
359 ||| Stepping ~*~*~tactically~*~*~ (outnumbered).
The frilled lizard attacks as you move away!
The frilled lizard bites you.
360 ||| Stepping ~*~*~tactically~*~*~ (outnumbered).
You barely miss the frilled lizard.
The frilled lizard bites you but does no damage.
The frilled lizard bites you.
You barely miss the frilled lizard.
The frilled lizard closely misses you. x2
You completely miss the frilled lizard. The frilled lizard bites you.
The frilled lizard hisses.
The frilled lizard misses you.
You miss the frilled lizard. The frilled lizard barely misses you.
The frilled lizard unfolds its giant frill.
The frilled lizard barely misses you.
You closely miss the frilled lizard. The frilled lizard bites you.
The frilled lizard bites you but does no damage.
You completely miss the frilled lizard. The frilled lizard bites you.
The frilled lizard closely misses you.
You miss the frilled lizard. The frilled lizard closely misses you.
The frilled lizard misses you.
You miss the frilled lizard. The frilled lizard bites you.
The frilled lizard bites you but does no damage.
You barely miss the frilled lizard.
The frilled lizard unfolds its giant frill.
The frilled lizard closely misses you. The frilled lizard barely misses you.
You barely miss the frilled lizard.
The frilled lizard bites you but does no damage.
The frilled lizard bites you.
You die...

####### #.....# #.....#
#.....# #######
####.#.###.....#.. ##
#.%..#.##......... ..##
#.####.#@l........ ...>#
#.# #.#.l...b.... .....#
##.####............
......##..................
..........#####...........
........### #.#.........
.....>#.# #.##.....#..
......#.#######.# ..####
................. ....


You could see a bat and 2 frilled lizards.

Vanquished Creatures
  A goblin (D:1)
  A hobgoblin (D:1)
  2 ball pythons (D:1)
  2 rats (D:1)
6 creatures vanquished.

Notes
Turn   | Place    | Note
-------+----------+-------------------------------------------
     0 | D:1      | qw the Ghoul Fire Elementalist began the quest for the Orb.
     0 | D:1      | Reached XP level 1. HP: 14/14 MP: 2/2
     0 | D:1      | 0 ||| qw: Version: 0.1-a-90-g952f4b7
     0 | D:1      | 0 ||| qw: Game counter: 4038
     0 | D:1      | 0 ||| qw: Always use a shield: true
     0 | D:1      | 0 ||| qw: God list: Okawaru
     0 | D:1      | 0 ||| qw: Allow faded altars: false
     0 | D:1      | 0 ||| qw: Do Orc after D:15 true
     0 | D:1      | 0 ||| qw: Do second Lair branch before Depths: true
     0 | D:1      | 0 ||| qw: Lair rune preference: random
     0 | D:1      | 0 ||| qw: Plans: Normal
     0 | D:1      | 0 ||| PLANNING D:1-11
    53 | D:1      | Found Saluujus's Vocational Training.
   102 | D:1      | Found a faded altar of an unknown god.
   177 | D:1      | Reached skill level 1 in Unarmed Combat
   207 | D:1      | 207 ||| Stepping ~*~*~tactically~*~*~ (hiding).
   341 | D:1      | 341 ||| Stepping ~*~*~tactically~*~*~ (stealth).
   359 | D:1      | 359 ||| Stepping ~*~*~tactically~*~*~ (outnumbered).
   360 | D:1      | 360 ||| Stepping ~*~*~tactically~*~*~ (outnumbered).
   366 | D:1      | HP: 3/15 [frilled lizard (2)]
   368 | D:1      | HP: 1/15 [frilled lizard (2)]
   370 | D:1      | Slain by a frilled lizard

Levels and vault maps discovered:
D:1:      sevenhm_arrival_forest_fort_small_4, layout_rooms,
          ebering_ecumenical_altar_mist, nicolae_shop_vocational

Skill      XL: |  1 |
---------------+----+-----
Unarmed Combat | 1 |  1.0
Fighting       | |  0.9
Dodging        | |  1.7
Stealth        | |  2.1
Spellcasting   | |  1.7
Conjurations   | |  0.7
Fire Magic     | |  2.4

Action                   || total
-------------------------++-------
Melee: Unarmed           ||    29
Armor: Robe              ||     5
Dodge: Dodged            ||    18

Table legend:
 A = Non-vault XP
 B = Vault XP
 C = Vault XP percentage of total XP
 D = Non-vault monster count
 E = Vault monster count
 F = Vault count percentage of total count
                 A         B        C        D         E       F
            +---------+---------+-------+---------+---------+-------
      Total |       9 |       0 |   0.0 |       6 |       0 |   0.0
            +---------+---------+-------+---------+---------+-------
        D:1 |       9 |       0 |   0.0 |       6 |       0 |   0.0
            +---------+---------+-------+---------+---------+-------
